[Event "Titled Tuesday Blitz October 5 2021"]
[White "Indjic, Aleksandar"]
[Black "Pichot, Alan"]
[WhiteFideId "911925"]
[BlackFideId "110973"]
[WhiteElo "2643"]
[BlackElo "2600"]
[Result "1-0"]
[Round "08"]
[TimeControl "180+1"]
[Date "2021.10.05"]
[WhiteClock "0:01:49"]
[BlackClock "0:00:21"]

1. d4 Nf6 2. c4 e6 3. Nc3 Bb4 4. Qc2 d6 5. Bg5 Nbd7 6. e3 h6 7. Bh4 Bxc3+ 8. Qxc3 b6 9. Bd3 Bb7 10. f3 Qe7 11. Ne2 e5 12. Bf5 Nf8 13. O-O Ng6 14. Bg3 e4 15. f4 O-O 16. d5 Rfe8 17. Nd4 Bc8 18. h3 Bxf5 19. Nxf5 Qd8 20. Rad1 Nh5 21. Be1 Qf6 22. g4 Nf8 23. Qc2 g6 24. Bc3 Qd8 25. Nxh6+ Kh7 26. Nxf7 Qh4 27. Ng5+ 1-0


[Site "https://www.chess.com"]

[Event "Titled Tuesday Blitz October 5 2021"]
[White "Isajevsky, Anton"]
[Black "De Silva, L M S T"]
[WhiteFideId "4142500"]
[BlackFideId "9953698"]
[WhiteElo "2510"]
[BlackElo "1621"]
[Result "1-0"]
[Round "08"]
[TimeControl "180+1"]
[Date "2021.10.05"]
[WhiteClock "0:00:11"]
[BlackClock "0:00:31"]

1. c4 e5 2. g3 Nf6 3. Bg2 d5 4. cxd5 Nxd5 5. Nf3 Nc6 6. O-O Nb6 7. b3 Be7 8. Bb2 Bf6 9. Nc3 Bf5 10. d3 O-O 11. Rc1 Qd7 12. Re1 Rfd8 13. Nd2 a6 14. Nce4 Be7 15. Nc5 Bxc5 16. Rxc5 f6 17. a3 Be6 18. b4 Nd5 19. Ne4 Nce7 20. Rc1 b6 21. Qc2 Rac8 22. e3 Bf5 23. d4 exd4 24. Bxd4 Bg6 25. Qc4 Kh8 26. Qxa6 Ra8 27. Qd3 f5 28. Ng5 f4 29. Qb3 fxg3 30. hxg3 Qg4 31. Nf3 Qh5 32. Ne5 Rac8 33. Bf3 Qg5 34. Kg2 c6 35. Rh1 Rf8 36. e4 Nf4+ 37. Kf1 Ne6 38. Bb2 Rf6 39. Nxg6+ Rxg6 40. Rh5 Qd2 41. Rd1 Nc5 42. bxc5 Qa5 43. cxb6 Re8 44. Rxa5 1-0


[Site "https://www.chess.com"]

[Event "Titled Tuesday Blitz October 5 2021"]
[White "Iskusnyh, Sergei"]
[Black "Hambleton, Aman"]
[WhiteFideId "4120027"]
[BlackFideId "2606577"]
[WhiteElo "2492"]
[BlackElo "2552"]
[Result "1-0"]
[Round "08"]
[TimeControl "180+1"]
[Date "2021.10.05"]
[WhiteClock "0:00:24"]
[BlackClock "0:00:02"]

1. d4 Nf6 2. c4 e6 3. g3 c5 4. Nf3 cxd4 5. Nxd4 Qc7 6. Bg2 a6 7. Nd2 d6 8. O-O Be7 9. b3 O-O 10. Bb2 Ra7 11. Rc1 b6 12. e4 Bb7 13. Qe2 Nbd7 14. Nb1 Raa8 15. Nc3 Rac8 16. Rfd1 Rfe8 17. h3 Qb8 18. Kh2 Bf8 19. f4 g6 20. Nf3 Nc5 21. e5 dxe5 22. Nxe5 Red8 23. Bxb7 Qxb7 24. Qg2 Qc7 25. b4 Ncd7 26. Nxd7 Rxd7 27. Nd5 Nxd5 28. cxd5 Qd8 29. Rxc8 Qxc8 30. Ba1 Qd8 31. Qb2 f6 32. Qe2 exd5 33. Qe6+ Kg7 34. Bxf6+ Qxf6 35. Qxd7+ Kh6 36. Qxd5 Bxb4 37. h4 Bc5 38. Qg5+ Qxg5 39. hxg5+ Kg7 40. Rd7+ Kg8 41. Kg2 a5 42. a4 Bf8 43. Kf3 Bc5 44. Rb7 Kh8 45. g4 Kg8 46. f5 1-0


[Site "https://www.chess.com"]

[Event "Titled Tuesday Blitz October 5 2021"]
[White "Itkis, Boris"]
[Black "Baches Garcia, Guillermo"]
[WhiteFideId "1209167"]
[BlackFideId "2209764"]
[WhiteElo "2227"]
[BlackElo "2491"]
[Result "0-1"]
[Round "08"]
[TimeControl "180+1"]
[Date "2021.10.05"]
[WhiteClock "0:00:01"]
[BlackClock "0:00:51"]

1. c4 Nf6 2. Nf3 g6 3. b4 Bg7 4. Bb2 O-O 5. g3 d6 6. Bg2 e5 7. d3 Nc6 8. b5 Ne7 9. O-O Nh5 10. Nc3 f5 11. Qd2 h6 12. e3 g5 13. Ne1 f4 14. a4 g4 15. Nc2 f3 16. Bh1 Nf6 17. a5 Be6 18. Nb4 h5 19. a6 b6 20. Rac1 Qd7 21. Na4 Rae8 22. d4 exd4 23. exd4 Ne4 24. Qd3 Bf5 25. Qa3 Bh6 26. Rcd1 Ng6 27. Nc6 Ng5 28. Rfe1 Re2 29. Bg2 Rxe1+ 30. Rxe1 fxg2 31. Nxa7 Nf3+ 32. Qxf3 gxf3 33. Nc6 Re8 34. Rb1 Bxb1 0-1


[Site "https://www.chess.com"]

[Event "Titled Tuesday Blitz October 5 2021"]
[White "Ivanisevic, Ivan"]
[Black "Kamsky, Gata"]
[WhiteFideId "912417"]
[BlackFideId "2000024"]
[WhiteElo "2499"]
[BlackElo "2603"]
[Result "1/2-1/2"]
[Round "08"]
[TimeControl "180+1"]
[Date "2021.10.05"]
[WhiteClock "0:01:28"]
[BlackClock "0:00:14"]

1. c4 c6 2. Nf3 d5 3. Qc2 Nf6 4. g3 g6 5. Bg2 Bg7 6. O-O O-O 7. d3 a5 8. e4 dxe4 9. dxe4 Bg4 10. Ne5 Be6 11. Rd1 Qc8 12. Be3 Nbd7 13. Nxd7 Nxd7 14. Nd2 a4 15. Rab1 Nf6 16. f3 Bh3 17. Nf1 Bxg2 18. Kxg2 h5 19. h4 Nd7 20. Nd2 Ne5 21. Bf4 Qe6 22. Bxe5 Qxe5 23. f4 Qe6 24. Nf3 Rfd8 25. e5 Bh6 26. Qe4 a3 27. b3 Bf8 28. Ng5 Qg4 29. e6 Rxd1 30. exf7+ Kh8 31. Rxd1 Qxd1 32. Qxg6 Qe2+ 33. Kg1 Qe1+ 34. Kg2 Qe2+ 35. Kg1 Qe1+ 36. Kg2 Qe2+ 1/2-1/2


[Site "https://www.chess.com"]

[Event "Titled Tuesday Blitz October 5 2021"]
[White "Janaszak, Dawid"]
[Black "Sagripanti, Michele"]
[WhiteFideId "1119206"]
[BlackFideId "847895"]
[WhiteElo "2215"]
[BlackElo "2195"]
[Result "1/2-1/2"]
[Round "08"]
[TimeControl "180+1"]
[Date "2021.10.05"]
[WhiteClock "0:00:11"]
[BlackClock "0:00:06"]

1. e4 g6 2. Nc3 Bg7 3. Bc4 c5 4. h4 h5 5. Qf3 e6 6. d4 cxd4 7. Nb5 d6 8. Bf4 Be5 9. Bxe5 dxe5 10. Qa3 Ne7 11. Nd6+ Kf8 12. Nh3 Bd7 13. f4 Nbc6 14. O-O Qa5 15. fxe5 Qxa3 16. Rxf7+ Kg8 17. bxa3 Rf8 18. Raf1 Rxf7 19. Rxf7 Rh7 20. Rxh7 Kxh7 21. Ng5+ Kh6 22. Bxe6 Bxe6 23. Nxe6 Nxe5 24. Nxb7 N7c6 25. Nbc5 Nc4 26. a4 Ne3 27. Kf2 Nxc2 28. Ke2 N2b4 29. a3 Nc2 30. Kd3 Nxa3 31. Nxd4 Ne5+ 32. Kc3 Nb1+ 33. Kb4 Nd2 34. Ka5 g5 35. hxg5+ Kxg5 36. Ka6 Kf4 37. Nde6+ Kg3 38. Ng7 h4 39. Nf5+ Kxg2 40. Nxh4+ Kg3 41. Nf5+ Kf4 42. Nd6 Ke3 43. Kxa7 Kd4 44. Ne6+ Kc3 45. a5 Nb3 46. Kb6 Nxa5 47. Kxa5 Kd3 48. Nc5+ Kd4 49. Kb4 Ng4 50. Nb5+ Ke5 51. Nc3 Nf6 52. Nd3+ Kd4 53. e5 Ne8 54. Nc5 Kxe5 55. Nb5 Kf4 56. Ne6+ Ke5 57. Nd6 Kxd6 1/2-1/2


[Site "https://www.chess.com"]

[Event "Titled Tuesday Blitz October 5 2021"]
[White "Jobava, Baadur"]
[Black "Nagy, Gabor"]
[WhiteFideId "13601520"]
[BlackFideId "737119"]
[WhiteElo "2731"]
[BlackElo "2534"]
[Result "1-0"]
[Round "08"]
[TimeControl "180+1"]
[Date "2021.10.05"]
[WhiteClock "0:00:14"]
[BlackClock "0:00:15"]

1. e4 c5 2. c3 g6 3. d4 cxd4 4. cxd4 d5 5. exd5 Nf6 6. Nc3 Bg7 7. Bc4 O-O 8. Nge2 Nbd7 9. Bb3 Nb6 10. Nf4 Bg4 11. Qd3 Rc8 12. O-O Bf5 13. Qf3 Bg4 14. Qg3 Bf5 15. Re1 Nc4 16. h3 a6 17. Qf3 b5 18. g4 Bd7 19. Nd3 a5 20. Nc5 Nd6 21. Bf4 a4 22. Bc2 a3 23. bxa3 h5 24. g5 Nh7 25. Rad1 Bf5 26. Bxf5 Nxf5 27. Nxb5 Qa5 28. a4 Bxd4 29. Nb3 Bxf2+ 30. Qxf2 Qxa4 31. N5d4 Nxd4 32. Nxd4 Rc3 33. h4 Rd8 34. Rxe7 Qxd1+ 35. Kh2 Qg4 36. Bg3 Rf8 37. Nc6 Rf3 38. Qg2 Ra3 39. Re4 Qd1 40. Be5 Qb1 41. Ne7# 1-0


[Site "https://www.chess.com"]

[Event "Titled Tuesday Blitz October 5 2021"]
[White "Kanyamarala, Tarun"]
[Black "Erdogmus, Yagiz Kaan"]
[WhiteFideId "45004714"]
[BlackFideId "44599790"]
[WhiteElo "2077"]
[BlackElo "1783"]
[Result "0-1"]
[Round "08"]
[TimeControl "180+1"]
[Date "2021.10.05"]
[WhiteClock "0:00:11"]
[BlackClock "0:00:50"]

1. d4 d5 2. Nf3 c6 3. c4 Nf6 4. Nc3 dxc4 5. e4 b5 6. e5 Nd5 7. Be2 e6 8. O-O Be7 9. Ne4 O-O 10. a4 Nd7 11. b3 cxb3 12. axb5 cxb5 13. Qxb3 a6 14. Bd2 N7b6 15. Nfg5 h6 16. Nf3 Bd7 17. Ne1 Nc4 18. Bc1 Ndb6 19. Qg3 Kh8 20. Qh3 Bc6 21. Ng3 Bg5 22. Nc2 Bxc1 23. Raxc1 a5 24. Nh5 Qg5 25. f4 Qg6 26. Rfe1 Be4 27. Na1 Bf5 28. Qh4 Nd5 29. Ng3 Nce3 30. Bh5 Qh7 31. Bf3 Rae8 32. Ne2 Be4 33. Bh5 Nxg2 34. Qg3 Nxe1 35. Rxe1 Bg6 36. Bg4 b4 37. Nb3 a4 38. Nc5 b3 39. Nc1 b2 40. Na2 b1=Q 41. Rxb1 Bxb1 42. Nc1 Qc2 0-1


[Site "https://www.chess.com"]

[Event "Titled Tuesday Blitz October 5 2021"]
[White "Karolczuk, Iwo"]
[Black "Balabayeva, Xeniya"]
[WhiteFideId "21816972"]
[BlackFideId "13719688"]
[WhiteElo "2093"]
[BlackElo "1965"]
[Result "1-0"]
[Round "08"]
[TimeControl "180+1"]
[Date "2021.10.05"]
[WhiteClock "0:00:15"]
[BlackClock "0:00:01"]

1. Nf3 d5 2. d4 e6 3. c4 a6 4. e3 Nf6 5. Nbd2 Be7 6. Bd3 dxc4 7. Nxc4 b5 8. Nce5 Bb7 9. O-O Nbd7 10. a4 b4 11. b3 O-O 12. Bb2 c5 13. Nxd7 Nxd7 14. Rc1 Rc8 15. Bb1 Bf6 16. Ne5 Bxe5 17. dxe5 Qg5 18. e4 Qe7 19. f4 Rfd8 20. Qe2 Re8 21. Kh1 a5 22. f5 exf5 23. exf5 Nxe5 24. f6 gxf6 25. Qh5 Ng6 26. Bd3 Qe3 27. Bxf6 Qxd3 28. Qh6 Bxg2+ 29. Kxg2 Qe4+ 30. Rf3 Qg4+ 31. Kf2 Re2+ 32. Kxe2 Qg2+ 33. Rf2 Re8+ 34. Kd3 1-0


[Site "https://www.chess.com"]

[Event "Titled Tuesday Blitz October 5 2021"]
[White "Karttunen, Mika"]
[Black "Mickiewicz, Piotr"]
[WhiteFideId "502081"]
[BlackFideId "1114891"]
[WhiteElo "2343"]
[BlackElo "2251"]
[Result "0-1"]
[Round "08"]
[TimeControl "180+1"]
[Date "2021.10.05"]
[WhiteClock "0:00:03"]
[BlackClock "0:00:26"]

1. d4 d5 2. c4 e6 3. Nc3 Nf6 4. Nf3 c6 5. Bg5 Nbd7 6. e3 Qa5 7. Nd2 Bb4 8. Qc2 c5 9. Bxf6 Nxf6 10. Bd3 cxd4 11. exd4 dxc4 12. Nxc4 Bxc3+ 13. Qxc3 Qxc3+ 14. bxc3 Ke7 15. a4 b6 16. a5 Bb7 17. f3 b5 18. Ne3 Rhc8 19. Kd2 a6 20. Nc2 Nd5 21. Be4 Rc7 22. Bxd5 Bxd5 23. Nb4 Rac8 24. Rac1 Bb7 25. Rhe1 Kd6 26. Re5 f6 27. Re3 e5 28. dxe5+ fxe5 29. Rce1 Rc5 30. g3 R8c7 31. Rd3+ Ke6 32. f4 e4 33. Rde3 Kf5 34. h3 h5 35. Rf1 Rd7+ 36. Kc2 Rd6 37. Re2 Bd5 38. Rfe1 Bb7 39. Re3 h4 40. gxh4 Kxf4 41. R3e2 Kf3 42. Re3+ Kf4 43. R3e2 Rf5 44. Rg1 Kf3 45. Rgg2 e3 46. Kb2 Be4 47. Nc2 Bxc2 48. Kxc2 Rfd5 49. h5 Rxh5 50. Kb3 Rc5 51. Rc2 Rd3 52. Rge2 Rdxc3+ 53. Rxc3 Rxc3+ 54. Kxc3 Kxe2 0-1


[Site "https://www.chess.com"]

[Event "Titled Tuesday Blitz October 5 2021"]
[White "Kezin, Roman"]
[Black "Gelman, Alexander"]
[WhiteFideId "24124621"]
[BlackFideId "4118316"]
[WhiteElo "2557"]
[BlackElo "2375"]
[Result "1-0"]
[Round "08"]
[TimeControl "180+1"]
[Date "2021.10.05"]
[WhiteClock "0:01:33"]
[BlackClock "0:00:09"]

1. h4 c5 2. h5 h6 3. b3 Nf6 4. Bb2 d5 5. e3 a6 6. Be2 Nc6 7. Nf3 Bf5 8. d4 e6 9. Nbd2 Be7 10. a3 O-O 11. dxc5 Bxc5 12. b4 Bd6 13. c4 Qe7 14. cxd5 exd5 15. Nb3 Rfe8 16. Rc1 Rad8 17. Nbd4 Bd7 18. Nxc6 bxc6 19. Bxa6 Ne4 20. Bd4 Ra8 21. Qe2 Bg3 22. O-O Bd6 23. Bb7 Rxa3 24. Bxc6 Bxc6 25. Rxc6 Bxb4 26. Qb2 f6 27. Nh4 Rb8 28. Ng6 Qd7 29. Rfc1 Raa8 30. Rc7 Qf5 31. f3 Qxh5 32. Nf4 Qf7 33. Rxf7 1-0


[Site "https://www.chess.com"]

[Event "Titled Tuesday Blitz October 5 2021"]
[White "Khamrakulov, Djurabek"]
[Black "Stoyanov, Tsvetan"]
[WhiteFideId "14201143"]
[BlackFideId "2917173"]
[WhiteElo "2535"]
[BlackElo "2191"]
[Result "0-1"]
[Round "08"]
[TimeControl "180+1"]
[Date "2021.10.05"]
[WhiteClock "0:00:59"]
[BlackClock "0:02:02"]

1. Nf3 c5 2. e4 d6 3. c3 Nf6 4. Be2 g6 5. O-O Bg7 6. h3 O-O 7. d3 Nc6 8. Be3 e5 9. Nbd2 h6 10. Re1 Be6 11. d4 cxd4 12. cxd4 d5 13. exd5 Nxd5 14. dxe5 Nxe3 15. fxe3 Nxe5 16. Nd4 Bd5 17. Rc1 Qb6 18. N2b3 Rad8 19. Qc2 Rfe8 20. Qc5 Qf6 21. Qxa7 Qg5 22. Bf1 Bxb3 23. axb3 Rxd4 24. exd4 Nf3+ 25. Kf2 Nxe1 26. Rxe1 Qd2+ 27. Re2 Bxd4+ 28. Kg3 Qg5+ 0-1


[Site "https://www.chess.com"]

[Event "Titled Tuesday Blitz October 5 2021"]
[White "King, Alexander"]
[Black "Koridze, Lile"]
[WhiteFideId "2063620"]
[BlackFideId "13612514"]
[WhiteElo "2306"]
[BlackElo "1978"]
[Result "1-0"]
[Round "08"]
[TimeControl "180+1"]
[Date "2021.10.05"]
[WhiteClock "0:00:44"]
[BlackClock "0:01:44"]

1. d4 Nf6 2. c4 e6 3. Nc3 Bb4 4. e3 O-O 5. Bd3 d5 6. Nf3 c5 7. O-O cxd4 8. exd4 Nc6 9. cxd5 Nxd5 10. Bc2 Nf6 11. Qd3 Bxc3 12. bxc3 h6 13. g4 e5 14. dxe5 Qxd3 15. Bxd3 Bxg4 16. exf6 Bxf3 17. fxg7 Kxg7 18. h3 Rad8 19. Bc2 f5 20. Bf4 Rf6 21. Kh2 Re8 22. Rfe1 Be4 23. f3 Ne5 24. Bxe5 Rxe5 25. fxe4 fxe4 26. Rxe4 Rc5 27. Rg1+ Kf8 28. Bb3 Rf2+ 29. Kh1 Rg5 30. Rxg5 hxg5 31. Rg4 1-0


[Site "https://www.chess.com"]

[Event "Titled Tuesday Blitz October 5 2021"]
[White "Koellner, Ruben Gideon"]
[Black "Mostbauer, Maximilian"]
[WhiteFideId "12993093"]
[BlackFideId "1626680"]
[WhiteElo "2556"]
[BlackElo "2188"]
[Result "1-0"]
[Round "08"]
[TimeControl "180+1"]
[Date "2021.10.05"]
[WhiteClock "0:01:13"]
[BlackClock "0:00:39"]

1. d4 e6 2. Nf3 Nf6 3. Nbd2 b6 4. e4 Bb7 5. Bd3 d6 6. O-O Nbd7 7. c3 e5 8. Re1 g6 9. a4 a5 10. Nf1 Bg7 11. b3 O-O 12. Qe2 Re8 13. dxe5 Nxe5 14. Nxe5 Rxe5 15. Qc2 Nd7 16. Bf4 Re7 17. f3 Nc5 18. Bc4 Qf8 19. Ne3 Kh8 20. Nd5 Bxd5 21. Bxd5 Ne6 22. Bxa8 Nxf4 23. Bd5 f5 24. g3 Nxd5 25. exd5 f4 26. Kf2 Be5 27. g4 Qf6 28. Re4 Qh4+ 29. Kg2 h5 30. Qf2 Qf6 31. gxh5 gxh5 32. Rg1 Rg7+ 33. Kh1 Bxc3 34. Rxg7 Kxg7 35. Qg2+ Kf7 36. Qh3 Be5 37. Qxh5+ Ke7 38. Re2 Kd7 39. Rg2 Qe7 40. Qf5+ 1-0


[Site "https://www.chess.com"]

[Event "Titled Tuesday Blitz October 5 2021"]
[White "Korobov, Anton"]
[Black "Taboas Rodriguez, Daniel"]
[WhiteFideId "14105730"]
[BlackFideId "2208466"]
[WhiteElo "2718"]
[BlackElo "2429"]
[Result "1-0"]
[Round "08"]
[TimeControl "180+1"]
[Date "2021.10.05"]
[WhiteClock "0:01:15"]
[BlackClock "0:00:25"]

1. d4 Nf6 2. c4 g6 3. Nc3 Bg7 4. e4 d6 5. Be2 O-O 6. Bg5 c5 7. d5 e6 8. Nf3 exd5 9. cxd5 Bg4 10. O-O a6 11. a4 Nbd7 12. Nd2 Bxe2 13. Qxe2 Re8 14. f4 Qc7 15. Rae1 b5 16. axb5 axb5 17. Qxb5 Rab8 18. Qc6 Rec8 19. Qxc7 Rxc7 20. Nc4 h6 21. Bxf6 Nxf6 22. e5 dxe5 23. fxe5 Ng4 24. d6 Rd7 25. h3 Rb4 26. Rf4 Nxe5 27. Rxe5 Bxe5 28. Nxe5 Rxd6 29. Rf2 Rdb6 30. Nd5 Rxb2 31. Nxb6 Rxb6 32. Nxf7 Kg7 33. Ne5 Rb7 34. Rc2 Rc7 35. Kf2 Kf6 36. Nd3 c4 37. Nb2 c3 38. Nd1 Kg5 39. Rxc3 Rd7 40. Ne3 h5 41. Rc5+ Kh6 42. h4 Rf7+ 43. Ke2 Rf4 44. g3 Rf8 45. Ng2 Rf6 46. Nf4 Kg7 47. Ke3 Kh6 48. Rg5 Ra6 49. Rxg6+ Rxg6 50. Nxg6 Kxg6 51. Ke4 Kf6 52. Kf4 Kg6 53. Ke5 1-0


[Site "https://www.chess.com"]

[Event "Titled Tuesday Blitz October 5 2021"]
[White "Kotepalli, Sai Nirupama"]
[Black "Mezentsev, Ivan"]
[WhiteFideId "5039444"]
[BlackFideId "13706195"]
[WhiteElo "2447"]
[BlackElo "2295"]
[Result "1-0"]
[Round "08"]
[TimeControl "180+1"]
[Date "2021.10.05"]
[WhiteClock "0:00:05"]
[BlackClock "0:00:05"]

1. e4 d5 2. exd5 Nf6 3. d4 Nxd5 4. Nf3 g6 5. Bd3 Bg7 6. c3 O-O 7. h3 Nd7 8. O-O c5 9. dxc5 Nxc5 10. Bc2 Bf5 11. Bxf5 gxf5 12. Qc2 e6 13. Na3 Ne4 14. Nd2 Nd6 15. Rd1 Rc8 16. Nb3 Qb6 17. Qd3 Ne4 18. Be3 Nxe3 19. Qxe3 Qxe3 20. fxe3 Bh6 21. Nc2 Rcd8 22. Na5 Nc5 23. b4 Ne4 24. Nxb7 Rc8 25. Rd3 Nxc3 26. Nc5 Nd5 27. a3 a5 28. Rc1 axb4 29. axb4 Rc7 30. Kf1 Rfc8 31. Ke2 Nxb4 32. Nxb4 Rxc5 33. Rxc5 Rxc5 34. Kf3 Rc4 35. Na2 e5 36. Ke2 e4 37. Rc3 Ra4 38. Nc1 f4 39. exf4 Bxf4 40. Nb3 Ra2+ 41. Kf1 Ra3 42. Rc8+ Kg7 43. Nc5 Ra1+ 44. Ke2 Ra2+ 45. Kf1 e3 46. Nd3 e2+ 47. Kf2 Bg5 48. g3 Rd2 49. Ne1 Bf6 50. Re8 Bd4+ 51. Kf3 Ra2 52. Rxe2 Ra3+ 53. Kg2 Bf6 54. Nf3 h6 55. g4 Rb3 56. h4 Rb4 57. Rf2 Be7 58. Kh3 Bc5 59. Rg2 Rb3 60. Kg3 Bd6+ 61. Kf2 Bc5+ 62. Kg3 Kg6 63. h5+ Kg7 64. Re2 Be3 65. Kg2 Bf4 66. Nh4 Kf6 67. Nf5 Kg5 68. Nd4 Rd3 69. Nf3+ Kxg4 70. Ne5+ Kxh5 71. Nxd3 Bg5 72. Re4 f5 73. Re2 Kg4 74. Nf2+ Kf4 75. Nh3+ Kg4 76. Nxg5 hxg5 77. Re8 Kf4 78. Kf2 Kg4 79. Rg8 Kf4 80. Rg7 Kg4 81. Ra7 Kf4 82. Ra4+ Ke5 83. Kf3 Kf6 84. Ra5 Ke6 85. Ke3 Kf6 86. Kd4 g4 87. Ra6+ Kg5 88. Ke3 f4+ 89. Ke4 f3 90. Ra5+ Kh4 91. Ke3 Kg3 92. Rg5 f2 93. Rf5 Kh3 94. Rxf2 g3 95. Rf8 g2 96. Rg8 Kh2 97. Kf2 Kh3 98. Rxg2 1-0


[Site "https://www.chess.com"]

[Event "Titled Tuesday Blitz October 5 2021"]
[White "Kovalchuk94"]
[Black "Alvarez Calzadilla, Jose Avelino"]
[BlackFideId "3526151"]
[WhiteElo "2680"]
[BlackElo "2547"]
[Result "1-0"]
[Round "08"]
[TimeControl "180+1"]
[Date "2021.10.05"]
[WhiteClock "0:00:12"]
[BlackClock "0:00:05"]

1. d4 Nf6 2. c4 g6 3. Nc3 d5 4. cxd5 Nxd5 5. e4 Nxc3 6. bxc3 Bg7 7. Nf3 c5 8. Be3 O-O 9. Be2 cxd4 10. cxd4 Qa5+ 11. Nd2 Nc6 12. O-O Qd8 13. d5 Na5 14. Rc1 b6 15. Nc4 Nxc4 16. Bxc4 e6 17. dxe6 Bxe6 18. Bxe6 fxe6 19. Qb3 Qe7 20. Rc6 Rae8 21. Rfc1 Qf7 22. Rc7 Re7 23. Rxe7 Qxe7 24. Rc6 Re8 25. Qc4 Qd7 26. g3 Be5 27. Kg2 Bf6 28. Rc7 Qd6 29. Rxa7 h5 30. Rb7 Bd8 31. Qd4 Qf8 32. Bf4 h4 33. Bd6 Qh6 34. h3 hxg3 35. Bxg3 Qf8 36. Qe5 Bf6 37. Qf4 Bd4 38. Qc7 Bg7 39. Be5 Re7 40. Qxe7 Qxe7 41. Rxe7 Bxe5 42. Rxe6 Bd4 43. Rxg6+ 1-0


[Site "https://www.chess.com"]

[Event "Titled Tuesday Blitz October 5 2021"]
[White "Kovalev, Vladislav"]
[Black "Tristan, Leonardo"]
[WhiteFideId "13504398"]
[BlackFideId "113816"]
[WhiteElo "2573"]
[BlackElo "2404"]
[Result "0-1"]
[Round "08"]
[TimeControl "180+1"]
[Date "2021.10.05"]
[WhiteClock "0:00:04"]
[BlackClock "0:00:13"]

1. e4 d5 2. exd5 Qxd5 3. Nc3 Qa5 4. d4 Nf6 5. Bc4 Bg4 6. f3 Bd7 7. Ne2 e6 8. Bd2 Qb6 9. a4 a5 10. Be3 Be7 11. Qd2 O-O 12. O-O Nc6 13. Kh1 Nb4 14. Bg1 Rad8 15. Ne4 Nxe4 16. fxe4 Qc6 17. Bb3 Qxe4 18. Rae1 Qh4 19. c3 Bg5 20. Qd1 Nd5 21. Ng3 Bc6 22. Ne4 Ne3 23. Bxe3 Qxe4 24. Rf3 Qg4 25. Rg3 Qxd1 26. Rxd1 Bxe3 27. Rxe3 Bd5 28. Bc2 Rd6 29. Rde1 Rfd8 30. Kg1 Rb6 31. R1e2 Kf8 32. Bd1 h6 33. Re5 Rc6 34. Kf2 b6 35. g3 Rcd6 36. h4 Bc4 37. Re1 Rd5 38. R5e3 c5 39. dxc5 Rxc5 40. Bf3 Rd2+ 41. Kg1 Rxb2 42. Rd1 Bd5 43. Re5 Bxf3 0-1


[Site "https://www.chess.com"]

[Event "Titled Tuesday Blitz October 5 2021"]
[White "Krysa, Leandro"]
[Black "Rasulov, Vugar"]
[WhiteFideId "116807"]
[BlackFideId "13402390"]
[WhiteElo "2490"]
[BlackElo "2560"]
[Result "0-1"]
[Round "08"]
[TimeControl "180+1"]
[Date "2021.10.05"]
[WhiteClock "0:00:01"]
[BlackClock "0:00:58"]

1. e4 c5 2. Nf3 d6 3. d4 cxd4 4. Nxd4 Nf6 5. Nc3 a6 6. a4 g6 7. Be2 Bg7 8. Be3 O-O 9. O-O Nc6 10. Qd2 Bd7 11. Rfd1 Rc8 12. f3 Ne5 13. a5 Nc4 14. Bxc4 Rxc4 15. Nd5 Nxd5 16. exd5 Qc7 17. c3 Rc8 18. Re1 Rc5 19. Nc2 Rxa5 20. Rad1 Ba4 21. Kh1 Rb5 22. Na3 Bxd1 23. Nxb5 axb5 24. Qxd1 Bf6 25. Bd4 Qc4 26. Bxf6 exf6 27. Re4 Qc5 28. h4 f5 29. Re7 b4 30. Rxb7 bxc3 31. bxc3 Qxc3 32. Qe2 Qd4 33. Qe1 Qxd5 34. Rb1 Qe5 35. Qf2 d5 36. Re1 Qc3 37. Rd1 Qc4 38. Rd4 Qc1+ 39. Kh2 Qc7+ 40. Kh3 Qe5 41. Qd2 Rc1 42. Qxc1 Qxd4 43. h5 Kg7 44. h6+ Kf6 45. Qc8 Kg5 46. Qf8 Qh4# 0-1


[Site "https://www.chess.com"]

[Event "Titled Tuesday Blitz October 5 2021"]
[White "Kubicka, Anna"]
[Black "Von Buelow, Georg"]
[WhiteFideId "1152254"]
[BlackFideId "4620658"]
[WhiteElo "1903"]
[BlackElo "2230"]
[Result "1-0"]
[Round "08"]
[TimeControl "180+1"]
[Date "2021.10.05"]
[WhiteClock "0:01:06"]
[BlackClock "0:00:01"]

1. e4 e5 2. Nf3 Nc6 3. Bb5 Nf6 4. d3 Bc5 5. O-O d6 6. c3 a6 7. Bxc6+ bxc6 8. Nbd2 O-O 9. Nc4 Ba7 10. h3 h6 11. Be3 c5 12. Qc2 Rb8 13. Rfe1 Be6 14. Ncd2 Nd7 15. d4 cxd4 16. cxd4 exd4 17. Nxd4 Bxd4 18. Bxd4 c5 19. Bc3 Qb6 20. Nf3 f6 21. a3 Ne5 22. Bxe5 dxe5 23. Re2 Rfd8 24. Rc1 c4 25. Rd1 Qb3 26. Rxd8+ Rxd8 27. Rd2 Qxc2 28. Rxc2 Rd1+ 29. Kh2 Kf7 30. Nd2 Re1 31. Kg3 Ke7 32. Kf3 Rd1 33. Nxc4 Bxc4 34. Rxc4 Rd3+ 35. Ke2 Rb3 36. Rc2 Kd6 37. f3 h5 38. Kd2 h4 39. Kc1 Re3 40. Rd2+ Kc6 41. Kc2 Re1 42. Kb3 Rg1 43. Kb4 Kb6 44. b3 1-0


[Site "https://www.chess.com"]

[Event "Titled Tuesday Blitz October 5 2021"]
[White "Ladan, Nicholas"]
[Black "Gontcharov, Vladislav"]
[WhiteFideId "30918855"]
[BlackFideId "4123492"]
[WhiteElo "2407"]
[BlackElo "2503"]
[Result "0-1"]
[Round "08"]
[TimeControl "180+1"]
[Date "2021.10.05"]
[WhiteClock "0:00:05"]
[BlackClock "0:00:24"]

1. d4 Nf6 2. Nf3 e6 3. g3 d5 4. Bg2 Be7 5. O-O a6 6. c4 dxc4 7. e3 O-O 8. Qe2 b5 9. b3 cxb3 10. axb3 Bb7 11. Rd1 Nbd7 12. Bd2 c5 13. Ba5 Qb8 14. Nc3 cxd4 15. Nxd4 Bxg2 16. Kxg2 Qb7+ 17. Qf3 Qxf3+ 18. Kxf3 Rfc8 19. Rd2 Nc5 20. Rad1 g6 21. b4 Nb7 22. Ne4 Nd5 23. Nb3 f5 24. Nec5 Bxc5 25. bxc5 Nxc5 26. Nd4 Ne4 27. Rd3 Ndc3 28. Rc1 e5 29. Bxc3 exd4 30. exd4 Rc4 31. Bb2 Rac8 32. Ra1 Rc2 33. Ba3 a5 34. Bc5 a4 35. Rb1 Nxc5 36. dxc5 R2xc5 37. Kf4 R8c7 38. Kg5 Kg7 39. f4 Rc2 40. Kh4 Rxh2+ 41. Kg5 h6# 0-1


[Site "https://www.chess.com"]

[Event "Titled Tuesday Blitz October 5 2021"]
[White "Lewtak, Damian"]
[Black "Garcia Blanco, Omar"]
[WhiteFideId "1141724"]
[BlackFideId "2287153"]
[WhiteElo "2203"]
[BlackElo "2291"]
[Result "1-0"]
[Round "08"]
[TimeControl "180+1"]
[Date "2021.10.05"]
[WhiteClock "0:00:46"]
[BlackClock "0:00:07"]

1. d4 Nf6 2. c3 c5 3. dxc5 e6 4. Be3 Qc7 5. b4 a5 6. Nd2 Nd5 7. Qb3 Nxe3 8. fxe3 b6 9. cxb6 Qxb6 10. Nc4 Qc7 11. Nxa5 Bd6 12. Nf3 O-O 13. g3 Qa7 14. Nd4 Bb7 15. Nxb7 Qxb7 16. Nf3 Qb6 17. Kf2 Nc6 18. Bg2 f5 19. Nd4 f4 20. gxf4 Nxd4 21. cxd4 Rac8 22. Rac1 Rxc1 23. Rxc1 Bxb4 24. Rb1 Rb8 25. Qa4 Qd6 26. a3 Bd2 27. Rxb8+ Qxb8 28. Qxd7 Qb1 29. Qe8# 1-0


[Site "https://www.chess.com"]